[Event "Titled Tuesday Blitz May 4 2021"]
[White "Yang, Kaiqi"]
[Black "elohunter1999"]
[WhiteFideId "8604398"]
[WhiteElo "2373"]
[BlackElo "2491"]
[Result "1-0"]
[Round "04"]
[TimeControl "180+1"]
[Date "2021.05.04"]
[WhiteClock "0:00:12"]
[BlackClock "0:00:05"]

1. e4 d6 2. d4 Nf6 3. Nc3 e5 4. Nf3 Nbd7 5. Bc4 Be7 6. O-O exd4 7. Nxd4 Nb6 8. Be2 O-O 9. a4 d5 10. a5 c5 11. Ndb5 d4 12. axb6 dxc3 13. bxa7 Nxe4 14. Qxd8 Bxd8 15. bxc3 Bb6 16. Bf3 Bd7 17. c4 Bxb5 18. cxb5 Nd6 19. Bf4 Rfd8 20. Rfd1 Nxb5 21. Rdb1 Rxa7 22. Rxa7 Bxa7 23. Rxb5 b6 24. h4 h6 25. h5 Bb8 26. Bxb8 Rxb8 27. c4 Kf8 28. Bd5 Ke7 29. Rb3 f6 30. g4 Kd6 31. Rb5 Ke5 32. Kg2 Kf4 33. Be6 Ke5 34. Bf5 Kd4 35. Be6 Ke5 36. Bf7 Kf4 37. Kh3 Kf3 38. Rb2 Rd8 39. Bd5+ Kf4 40. Rxb6 Ke5 41. Rb2 Kd4 42. Rd2+ Kc3 43. Re2 Rb8 44. Re7 Rb3 45. Rxg7 Kd2+ 46. Kg2 Ke2 47. Re7+ Kd1 48. Re6 f5 49. gxf5 Kd2 50. f6 Rb8 51. f7 Rf8 52. Re8 Rxf7 53. Bxf7 1-0


[Site "https://www.chess.com"]

[Event "Titled Tuesday Blitz May 4 2021"]
[White "Yilmaz, Mustafa"]
[Black "Weetik, Vjacheslav"]
[WhiteFideId "6302718"]
[BlackFideId "4153472"]
[WhiteElo "2518"]
[BlackElo "2469"]
[Result "1-0"]
[Round "04"]
[TimeControl "180+1"]
[Date "2021.05.04"]
[WhiteClock "0:00:05"]
[BlackClock "0:00:04"]

1. d4 d5 2. c4 e6 3. Nc3 c6 4. Nf3 dxc4 5. e3 b5 6. a4 Bb4 7. Bd2 a5 8. axb5 Bxc3 9. Bxc3 cxb5 10. b3 Bb7 11. bxc4 b4 12. Bb2 Nf6 13. Bd3 Nbd7 14. O-O O-O 15. Re1 Qc7 16. e4 e5 17. d5 Rfe8 18. Bc2 Nc5 19. d6 Qb6 20. Bxe5 Ncxe4 21. Qd4 Qxd4 22. Nxd4 Rxe5 23. f3 Rd8 24. Bxe4 Bxe4 25. fxe4 Rxd6 26. Nf3 Rxe4 27. Rxa5 Rxe1+ 28. Nxe1 h6 29. Rb5 Rd1 30. Kf1 Rb1 31. c5 b3 32. c6 Rc1 33. Rxb3 Rxc6 34. Rb8+ Kh7 35. Rb7 Kg6 36. Nd3 Rc2 37. Ne5+ Kf5 38. Nxf7 Ne4 39. Nh8 Rf2+ 40. Kg1 Rc2 41. Rf7+ Ke5 42. Rf1 Rc6 43. Nf7+ Kd4 44. Rd1+ Ke3 45. Ne5 Rc2 46. h3 Nc3 47. Rf1 Ne2+ 48. Kh2 Nf4 49. Ng4+ Ke4 50. Nf2+ Ke5 51. Re1+ Kf5 52. Kg1 Ne2+ 53. Kh2 Nf4 54. Rf1 Ke5 55. Ng4+ Ke4 56. Re1+ Kf5 57. Ne3+ 1-0


[Site "https://www.chess.com"]

[Event "Titled Tuesday Blitz May 4 2021"]
[White "Zaichenko, Daria"]
[Black "Ravi, Thandalam Shanmugam"]
[WhiteFideId "4197453"]
[BlackFideId "5000238"]
[WhiteElo "2039"]
[BlackElo "2215"]
[Result "1-0"]
[Round "04"]
[TimeControl "180+1"]
[Date "2021.05.04"]
[WhiteClock "0:01:14"]
[BlackClock "0:00:15"]

1. e4 e5 2. Nf3 Nc6 3. Bc4 Bc5 4. c3 Nf6 5. d3 d6 6. b4 Bb6 7. a4 a6 8. Bb3 Be6 9. Bc2 d5 10. Qe2 d4 11. Bb2 dxc3 12. Bxc3 Nd4 13. Nxd4 Bxd4 14. O-O O-O 15. Ra3 a5 16. b5 Bg4 17. Qd2 Nh5 18. h3 Be6 19. Bxd4 Qxd4 20. Nc3 Qd6 21. Raa1 Nf4 22. Ne2 f5 23. Nxf4 exf4 24. Rae1 fxe4 25. Rxe4 Bd5 26. Rd4 Qe5 27. Qc3 Rad8 28. Qc5 b6 29. Qc3 Bf7 30. Rc4 Qxc3 31. Rxc3 Rd7 32. Bb3 Bxb3 33. Rxb3 Rfd8 34. Rc1 Rxd3 35. Rxd3 Rxd3 36. Rxc7 Rd4 37. Rc6 Rxa4 38. Rxb6 Rb4 39. Rb8+ Kf7 40. b6 a4 41. b7 a3 42. Ra8 Rxb7 43. Rxa3 g5 44. f3 Kg6 45. Ra5 h6 46. Kh2 Kh5 47. Ra6 Rb1 48. Rc6 Rc1 49. Rxc1 Kh4 50. Rc4 h5 51. g3# 1-0


[Site "https://www.chess.com"]

[Event "Titled Tuesday Blitz May 4 2021"]
[White "Zemach, Roee"]
[Black "Suvorov, Alexander"]
[WhiteFideId "2818531"]
[BlackFideId "12977063"]
[WhiteElo "2131"]
[BlackElo "2221"]
[Result "0-1"]
[Round "04"]
[TimeControl "180+1"]
[Date "2021.05.04"]
[WhiteClock "0:00:15"]
[BlackClock "0:00:06"]

1. d4 Nf6 2. c4 e6 3. g3 d5 4. Nf3 dxc4 5. Bg2 Nc6 6. O-O Be7 7. e3 Rb8 8. Nfd2 e5 9. Bxc6+ bxc6 10. dxe5 Ng4 11. Nxc4 Be6 12. Nbd2 h5 13. Qc2 h4 14. h3 hxg3 15. hxg4 Bxg4 16. fxg3 Qd5 17. Qe4 Qe6 18. b3 Rd8 19. Bb2 Qh6 20. Rf2 Be6 21. Qf3 Bg5 22. Raf1 Bd5 23. e4 Be6 24. Bc3 Rd3 25. Qg2 Rxc3 26. Nf3 Bh3 27. Qh2 Bxf1 28. Nxg5 Qxh2+ 29. Rxh2 Rxh2 30. Kxh2 Bxc4 31. bxc4 Rxc4 32. e6 fxe6 33. Nxe6 Rc2+ 34. Kh3 Kf7 35. Nxc7 Rxa2 36. Kg4 Rf2 37. Na6 Ke6 38. Nc5+ Ke5 39. Nd3+ Kxe4 40. Nxf2+ Ke3 41. Nd1+ Ke4 42. Kg5 a5 43. g4 Kf3 44. Nc3 c5 45. Kf5 c4 46. g5 Ke3 47. g6 Kd4 48. Na4 c3 49. Nxc3 Kxc3 50. Ke6 a4 51. Kf7 a3 52. Kxg7 a2 53. Kh7 a1=Q 54. g7 Qh1+ 55. Kg8 Kd4 56. Kf8 Qa8+ 57. Kf7 Qb7+ 58. Kf8 Qc8+ 59. Kf7 Qd7+ 60. Kf8 Qd6+ 61. Kf7 Qd5+ 62. Kf8 Qf5+ 63. Ke7 Qe5+ 64. Kf7 Qf5+ 65. Ke7 Qg5+ 66. Kf7 Qh5+ 67. Ke7 Qg6 68. Kf8 Qf6+ 69. Kg8 Ke5 70. Kh7 Qf7 71. Kh6 Kf6 72. g8=Q Qxg8 73. Kh5 Qg5# 0-1


[Site "https://www.chess.com"]

[Event "Titled Tuesday Blitz May 4 2021"]
[White "Zemerov, Vladimir"]
[Black "Vukovic, Zdravko"]
[WhiteFideId "4111583"]
[BlackFideId "900877"]
[WhiteElo "2277"]
[BlackElo "2473"]
[Result "0-1"]
[Round "04"]
[TimeControl "180+1"]
[Date "2021.05.04"]
[WhiteClock "0:01:17"]
[BlackClock "0:00:42"]

1. e4 d5 2. exd5 Qxd5 3. Nc3 Qd8 4. d4 Nf6 5. Bf4 c6 6. Nge2 Bf5 7. h3 h6 8. g3 e6 9. Bg2 Nbd7 10. O-O Be7 11. Qd2 O-O 12. Rad1 a5 13. Rfe1 a4 14. a3 Nb6 15. Qc1 Nfd5 16. Be5 Nc4 17. g4 Bh7 18. Bg3 Bg5 19. f4 Bh4 20. Nxd5 cxd5 21. c3 Ra6 22. Bf1 Rb6 23. f5 Nxb2 24. Rd2 Nc4 25. Ra2 exf5 26. gxf5 Bxf5 27. Qf4 Bxg3 28. Nxg3 Bh7 29. Bxc4 dxc4 30. Rg2 Rf6 31. Qg4 Rg6 32. Qf4 Qd7 33. Kh2 Rf6 34. Qh4 Qd6 35. Re5 Qxa3 36. Nh5 Rg6 37. Re3 Rxg2+ 38. Kxg2 Qb2+ 39. Kg3 a3 40. Qg4 Bg6 41. Nf4 a2 42. Nxg6 fxg6 43. Qe6+ Kh7 0-1


[Site "https://www.chess.com"]

[Event "Titled Tuesday Blitz May 4 2021"]
[White "Zeydan, Salih"]
[Black "Necula, Iulian"]
[WhiteFideId "6361722"]
[BlackFideId "1232380"]
[WhiteElo "1988"]
[BlackElo "1776"]
[Result "1-0"]
[Round "04"]
[TimeControl "180+1"]
[Date "2021.05.04"]
[WhiteClock "0:00:09"]
[BlackClock "0:00:08"]

1. e4 g6 2. d4 c6 3. h3 d5 4. Nc3 dxe4 5. Nxe4 Nf6 6. Nxf6+ exf6 7. Nf3 Bg7 8. Bd3 O-O 9. O-O Nd7 10. c4 f5 11. Bg5 Qc7 12. Qd2 Nf6 13. Rfe1 Be6 14. Bf4 Qd7 15. Ng5 Rfe8 16. Nxe6 Rxe6 17. Rxe6 fxe6 18. Bc2 Rd8 19. Rd1 Nh5 20. Bg5 Re8 21. Bb3 Kh8 22. Qe3 Nf6 23. f3 a6 24. Bh6 Rd8 25. Bxg7+ Kxg7 26. Qe5 Qd6 27. Kf2 Qxe5 28. dxe5 Nd7 29. Rd6 Kf7 30. c5 Ke7 31. Rxe6+ Kf8 32. Rd6 Ke7 33. Re6+ Kf8 34. Rd6 Ke7 35. f4 Nxc5 36. Rxd8 Kxd8 37. Bg8 h6 38. Bh7 Nd3+ 39. Ke3 Nxb2 40. Bxg6 Nc4+ 41. Kd4 Nd2 42. Bxf5 Nf1 43. g4 Ke7 44. Be4 Ng3 45. Bf3 b6 46. Ke3 c5 47. Kf2 b5 48. Kxg3 c4 49. Kf2 b4 50. Ke3 a5 51. Kd4 c3 52. Be4 Ke6 53. Kc4 Kd7 54. Kb5 1-0


[Site "https://www.chess.com"]

[Event "Titled Tuesday Blitz May 4 2021"]
[White "Zhukov, Anton"]
[Black "Valdes Romero, Leonardo"]
[WhiteFideId "34187534"]
[BlackFideId "6500331"]
[WhiteElo "2172"]
[BlackElo "2497"]
[Result "1-0"]
[Round "04"]
[TimeControl "180+1"]
[Date "2021.05.04"]
[WhiteClock "0:00:15"]
[BlackClock "0:00:02"]

1. d4 d5 2. c4 e6 3. Nf3 Nf6 4. Nc3 Nbd7 5. c5 b6 6. c6 Nb8 7. Ne5 Bd6 8. Qa4 a6 9. b4 O-O 10. b5 Ne4 11. Nxe4 dxe4 12. e3 f6 13. Nc4 Be7 14. Ba3 e5 15. dxe5 fxe5 16. Nxe5 Be6 17. Bc4 Bxc4 18. Qxc4+ Kh8 19. Rd1 Qe8 20. Bxe7 Qxe7 21. Nd7 axb5 22. Qxb5 Ra5 23. Qb3 Re8 24. Nxb8 Rxb8 25. Rd7 Qf6 26. O-O Rc8 27. Rfd1 Raa8 28. g3 h6 29. Rf7 Qxc6 30. Rdd7 Rg8 31. Qb2 Qg6 32. Rxc7 Rad8 33. h4 Rd1+ 34. Kg2 Qg4 35. Rf4 Qg6 36. Re7 Re1 37. Rexe4 Qd6 38. Rg4 Qd1 39. Rg6 Rg1+ 40. Kh3 Kh7 41. Ree6 Qf1+ 42. Kg4 Qd1+ 43. f3 Qe1 44. Rxh6+ gxh6+ 45. Kh5 Rg5+ 46. hxg5 Rh1+ 47. Kg4 h5+ 48. Kf4 Rh4+ 49. gxh4 Qxh4+ 50. Kf5 Qh3+ 51. Ke5 Qg3+ 52. f4 Qxe3+ 53. Kf6 1-0


[Site "https://www.chess.com"]

[Event "Titled Tuesday Blitz May 4 2021"]
[White "Zhurbinsky, David"]
[Black "ValeriyGrinev"]
[WhiteFideId "2072904"]
[WhiteElo "2480"]
[BlackElo "2619"]
[Result "1/2-1/2"]
[Round "04"]
[TimeControl "180+1"]
[Date "2021.05.04"]
[WhiteClock "0:00:58"]
[BlackClock "0:02:31"]

1. e4 c5 2. Nf3 d6 3. d4 cxd4 4. Nxd4 Nf6 5. f3 g6 6. c4 Bg7 7. Nc3 O-O 8. Be3 Nc6 9. Be2 Nxd4 10. Bxd4 Be6 11. O-O Qa5 12. Rc1 Rfc8 13. b3 a6 14. f4 b5 15. f5 Bd7 16. Bxf6 Bxf6 17. Nd5 Bg5 18. Rc2 bxc4 19. Bxc4 Bb5 20. fxg6 hxg6 21. Qg4 Bxc4 22. bxc4 Bf6 23. Nxf6+ exf6 24. Rxf6 Rab8 25. Rxg6+ fxg6 26. Qxg6+ Kh8 27. Qh6+ Kg8 28. Qg6+ Kh8 29. Qh6+ Kg8 30. Qg6+ 1/2-1/2


[Site "https://www.chess.com"]

[Event "Titled Tuesday Blitz May 4 2021"]
[White "Zia, Tahsin Tajwar"]
[Black "Dovbnia, Nikita"]
[WhiteFideId "10211888"]
[BlackFideId "54104599"]
[WhiteElo "1678"]
[BlackElo "2056"]
[Result "1-0"]
[Round "04"]
[TimeControl "180+1"]
[Date "2021.05.04"]
[WhiteClock "0:01:33"]
[BlackClock "0:01:37"]

1. d4 d5 2. Bf4 Nf6 3. e3 c5 4. c3 Nc6 5. Nd2 Qb6 6. Qb3 c4 7. Qc2 g6 8. e4 dxe4 9. Nxc4 Qd8 10. Ne2 Bg7 11. Ng3 O-O 12. Be2 Bf5 13. Nxf5 gxf5 14. Ne3 e6 15. h4 Rc8 16. Qb3 Na5 17. Qa4 a6 18. h5 b5 19. Qd1 h6 20. g4 fxg4 21. Nxg4 Nxg4 22. Bxg4 f5 23. Be2 Nc4 24. Bxc4 Rxc4 25. Qd2 Kh7 26. Rg1 Qh4 27. O-O-O Qxh5 28. Rh1 Qg6 29. Rdg1 Qxg1+ 30. Rxg1 Bxd4 31. Bxh6 Rfc8 32. Qg5 Rxc3+ 33. bxc3 Rxc3+ 34. Kb1 1-0


[Site "https://www.chess.com"]

[Event "Titled Tuesday Blitz May 4 2021"]
[White "Zverev, Lev"]
[Black "Timmermans, Mark"]
[WhiteFideId "24250775"]
[BlackFideId "1026399"]
[WhiteElo "2591"]
[BlackElo "2774"]
[Result "0-1"]
[Round "04"]
[TimeControl "180+1"]
[Date "2021.05.04"]
[WhiteClock "0:00:11"]
[BlackClock "0:00:12"]

1. e4 e5 2. Nf3 Nc6 3. Bb5 f5 4. d3 fxe4 5. dxe4 Nf6 6. Nc3 Bb4 7. Bg5 Bxc3+ 8. bxc3 d6 9. O-O O-O 10. Bh4 Kh8 11. h3 Qe8 12. Bxf6 Rxf6 13. Nh2 Qg6 14. Qd3 Be6 15. Bc4 Bd7 16. Bd5 Raf8 17. Rab1 b6 18. Ng4 Bxg4 19. hxg4 Ne7 20. f3 a5 21. a4 Qg5 22. Bb3 h5 23. gxh5 Rh6 24. Kf2 Rxh5 25. Rh1 Rf6 26. Rxh5+ Qxh5 27. Qc4 Qh4+ 28. Ke2 c6 29. Rg1 Qh2 30. Kf1 d5 31. exd5 Nxd5 32. Qe4 Rf4 33. Qg6 e4 34. Qxc6 Ne3+ 35. Ke2 Rf8 36. Qxe4 Nxg2 37. Kf1 Nh4 38. Qg4 Rxf3+ 39. Ke1 Nf5 40. Qxf3 Qxg1+ 41. Ke2 g6 42. Qh3+ Kg7 43. Qf3 Qh2+ 44. Kd3 Qc7 45. Qd5 Kh6 46. Qh1+ Kg5 47. Qg2+ Ng3 48. Qd2+ Kf6 49. Qf2+ Nf5 50. Qd4+ Nxd4 51. cxd4 Qd6 52. c4 Qb4 53. c5 Qxb3+ 54. Ke4 bxc5 55. dxc5 Qc4+ 56. Ke3 Qxc5+ 0-1


[Site "https://www.chess.com"]

[Event "Titled Tuesday Blitz May 4 2021"]
[White "davigator"]
[Black "Roebers, Jan"]
[BlackFideId "1007815"]
[WhiteElo "2419"]
[BlackElo "2186"]
[Result "1-0"]
[Round "04"]
[TimeControl "180+1"]
[Date "2021.05.04"]
[WhiteClock "0:00:42"]
[BlackClock "0:00:55"]

1. e4 e5 2. Nf3 Nc6 3. Bb5 a6 4. Ba4 Nf6 5. O-O Be7 6. Re1 b5 7. Bb3 O-O 8. c3 d5 9. exd5 Nxd5 10. Nxe5 Nxe5 11. Rxe5 c6 12. d4 Bd6 13. Re1 Qh4 14. g3 Qh3 15. Be3 Bg4 16. Qd3 Rae8 17. Nd2 Re6 18. a4 bxa4 19. Rxa4 f5 20. Bxd5 cxd5 21. Qf1 Qh5 22. f4 g5 23. Rxa6 Rh6 24. Qg2 gxf4 25. gxf4 Qf7 26. Nf3 Rg6 27. Ne5 Bxe5 28. Rxg6+ Qxg6 29. dxe5 Kf7 30. Qxd5+ Qe6 31. Qxe6+ Kxe6 32. Ra1 Kd5 33. Kf2 Ke4 34. Ra4+ Kd3 35. Rd4+ Kc2 36. Rd2+ Kb3 37. Bc5 Re8 38. Ba3 Bh3 39. Rd7 Rg8 40. e6 Rg2+ 41. Ke3 Bg4 42. e7 Re2+ 43. Kd3 Re1 44. Rb7+ Ka2 45. c4 Bh5 46. c5 Rd1+ 47. Kc3 Rf1 48. c6 Rc1+ 49. Kd4 Rxc6 50. Rb8 Re6 51. Kd5 Re4 52. Bd6 Bf7+ 53. Kc5 Re6 54. Kc6 Re4 55. Be5 1-0


[Site "https://www.chess.com"]

[Event "Titled Tuesday Blitz May 4 2021"]
[White "freshfoodcompany"]
[Black "Radu, David Cr."]
[BlackFideId "1265717"]
[WhiteElo "2372"]
[BlackElo "1596"]
[Result "1-0"]
[Round "04"]
[TimeControl "180+1"]
[Date "2021.05.04"]
[WhiteClock "0:00:08"]
[BlackClock "0:00:08"]

1. d4 d5 2. c4 e6 3. Nf3 a6 4. Bg5 Be7 5. Bxe7 Nxe7 6. Nbd2 O-O 7. g3 dxc4 8. Bg2 Nbc6 9. Nxc4 b5 10. Nfe5 Bb7 11. Nxc6 Bxc6 12. Bxc6 Nxc6 13. Ne5 Nxd4 14. O-O c5 15. Qd2 Qc7 16. Nd3 Rad8 17. Rac1 c4 18. Qe3 Qb7 19. Nc5 Qb6 20. Ne4 e5 21. Ng5 Rfe8 22. Rfd1 f5 23. Nf3 Qf6 24. Kg2 Nc6 25. Rxd8 Rxd8 26. b3 e4 27. Ne1 Ne5 28. bxc4 Nxc4 29. Qc5 g6 30. e3 Qd6 31. Qxd6 Rxd6 32. Nc2 Rd2 33. Kf1 Kf7 34. Ke1 Ke7 35. Na3 Rxa2 36. Nxc4 bxc4 37. Rxc4 Ra1+ 38. Ke2 Kd7 39. Rd4+ Ke6 40. Rc4 Kd6 41. Rd4+ Ke7 42. Rb4 Kf6 43. Rb6+ Kg5 44. Rb7 h5 45. Ra7 a5 46. h4+ Kg4 47. Ra6 a4 48. Rxg6+ Kh3 49. Ra6 a3 50. Ra5 a2 51. Ra6 Kh2 52. Ra7 Kg2 53. Ra8 Rf1 54. Kd2 Rxf2+ 55. Kc3 Rf3 56. Kd4 Rxe3 57. Rxa2+ Kxg3 58. Kxe3 Kxh4 59. Kf4 Kh3 60. Kxf5 Kg3 61. Kxe4 h4 62. Ra3+ Kg2 63. Kf4 h3 64. Ra2+ Kf1 65. Kg3 h2 66. Ra1+ Ke2 67. Kxh2 Kd2 68. Kg3 Kd3 69. Re1 Kc2 70. Kf2 Kc3 71. Ke2 Kb2 72. Rd1 Kc3 73. Rc1+ Kb3 74. Kd2 Kb2 75. Rc3 Kb1 76. Rb3+ Ka2 77. Kc2 Ka1 78. Ra3# 1-0


[Site "https://www.chess.com"]

[Event "Titled Tuesday Blitz May 4 2021"]
[White "volunteers1998"]
[Black "DieHardCuban"]
[WhiteElo "2197"]
[BlackElo "2395"]
[Result "1-0"]
[Round "04"]
[TimeControl "180+1"]
[Date "2021.05.04"]
[WhiteClock "0:00:12"]
[BlackClock "0:00:03"]

1. e4 c6 2. d4 d5 3. e5 Bf5 4. Nc3 e6 5. g4 Bg6 6. Nge2 h5 7. Nf4 Bh7 8. Nxh5 c5 9. Bb5+ Nd7 10. Be3 Rc8 11. dxc5 a6 12. Ba4 Ne7 13. f4 Nc6 14. Qf3 Nxc5 15. Bxc6+ Rxc6 16. f5 exf5 17. gxf5 Bxf5 18. Qxf5 Qh4+ 19. Ng3 Qxg3+ 20. hxg3 Rxh1+ 21. Kd2 Rxa1 22. Bxc5 Bxc5 23. Nxd5 Rh1 24. Nf4 Rh2+ 25. Kd3 Bb4 26. c3 Be7 27. e6 Rd6+ 28. Ke3 fxe6 29. Nxe6 Bf6 30. Nd4 Rd7 31. Qg6+ Kd8 32. Ne6+ Kc8 33. Qe8+ Bd8 34. Nxd8 Rxd8 35. Qe6+ Rd7 36. Qe8+ Kc7 37. Qe5+ Kd8 38. Qa5+ Ke7 39. Qe5+ Kd8 40. Qb8+ Ke7 41. Qe5+ Kf8 42. Qf4+ Ke8 43. Qb4 Rh1 44. c4 Rhd1 45. c5 Rc1 46. Qb6 Rc2 47. Qg6+ Rf7 48. Qxc2 1-0


[Site "https://www.chess.com"]

[Event "Titled Tuesday Blitz May 4 2021"]
[White "Abdisalimov, Abdimalik"]
[Black "Aditya Mittal"]
[WhiteFideId "14206323"]
[BlackFideId "35042025"]
[WhiteElo "2389"]
[BlackElo "2171"]
[Result "1-0"]
[Round "05"]
[TimeControl "180+1"]
[Date "2021.05.04"]
[WhiteClock "0:00:49"]
[BlackClock "0:00:03"]

1. e4 c5 2. Nf3 d6 3. d4 cxd4 4. Nxd4 Nf6 5. Nc3 a6 6. f4 e5 7. Nb3 Be7 8. h3 O-O 9. g4 exf4 10. Bxf4 Nc6 11. Bg2 Be6 12. O-O Ne5 13. Nd4 Nfd7 14. Re1 Rc8 15. Nf5 Bxf5 16. exf5 Qb6+ 17. Be3 Qxb2 18. Nd5 Bh4 19. Re2 Rfe8 20. Rb1 Qxa2 21. Rxb7 Nc5 22. Bxc5 Rxc5 23. f6 Bxf6 24. Nxf6+ gxf6 25. Qxd6 Rxc2 26. Rxc2 Qxc2 27. Qxf6 Qc3 28. Qf4 Kg7 29. g5 Re6 30. h4 h6 31. h5 Qa1+ 32. Kh2 hxg5 33. Qxg5+ Kh7 34. Rb8 Nf3+ 35. Bxf3 Qe5+ 36. Qxe5 Rxe5 37. Kg3 a5 38. Kf4 Rc5 39. Be4+ Kg7 40. Bf3 Rc4+ 41. Kg3 a4 42. Rb6 Rd4 43. h6+ Kh7 44. Bg4 Rd5 45. Kf4 f6 46. Rxf6 a3 47. Bf5+ Kg8 48. h7+ Kg7 49. Rf8 1-0


[Site "https://www.chess.com"]

[Event "Titled Tuesday Blitz May 4 2021"]
[White "Antonio, Jorge Carlos"]
[Black "Degtiarev, Evgeny"]
[WhiteFideId "113190"]
[BlackFideId "4149610"]
[WhiteElo "2247"]
[BlackElo "2218"]
[Result "0-1"]
[Round "05"]
[TimeControl "180+1"]
[Date "2021.05.04"]
[WhiteClock "0:00:02"]
[BlackClock "0:00:07"]

1. d4 Nf6 2. Bf4 g6 3. Nc3 d6 4. Qd2 Bg7 5. O-O-O a6 6. Bh6 Bxh6 7. Qxh6 b5 8. f3 b4 9. Ne4 Nbd7 10. Nxf6+ Nxf6 11. e4 Be6 12. d5 Bd7 13. g4 c6 14. dxc6 Bxc6 15. Nh3 Qa5 16. Kb1 O-O-O 17. Nf4 Kb7 18. g5 Nd7 19. Qh4 Nc5 20. Qe1 Qb6 21. Nd5 Bxd5 22. Rxd5 a5 23. Bd3 h6 24. gxh6 Rxh6 25. h4 e6 26. Rd4 Rh5 27. Bc4 Na4 28. Qd1 Rc5 29. Bb3 e5 30. Rd5 Qb5 31. Rxc5 Nxc5 32. Bxf7 a4 33. Qd5+ Kc7 34. h5 gxh5 35. Bxh5 a3 36. b3 Qe2 37. Qd1 Qf2 38. f4 Qxf4 39. Be2 Qe3 40. Bc4 Qc3 41. Rh7+ Kb6 42. Qc1 Nxe4 43. Bd3 Nd2+ 44. Qxd2 Qb2# 0-1


[Site "https://www.chess.com"]

[Event "Titled Tuesday Blitz May 4 2021"]
[White "Arabidze, Meri"]
[Black "Martinez Alcantara, Jose Eduardo"]
[WhiteFideId "13604040"]
[BlackFideId "3805662"]
[WhiteElo "2432"]
[BlackElo "2690"]
[Result "1/2-1/2"]
[Round "05"]
[TimeControl "180+1"]
[Date "2021.05.04"]
[WhiteClock "0:00:03"]
[BlackClock "0:00:14"]

1. Nf3 c5 2. c4 Nc6 3. g3 g5 4. Nxg5 e5 5. d3 Bh6 6. Ne4 Bxc1 7. Qxc1 d6 8. Bg2 Be6 9. Nbc3 h6 10. O-O f5 11. Nd2 Nf6 12. Nf3 Qe7 13. Nh4 Qf7 14. Nb5 Rd8 15. a3 a6 16. Nc3 Nd4 17. Qd1 Rg8 18. b4 Rg4 19. e3 Nc6 20. b5 axb5 21. Nxb5 Rxh4 22. gxh4 Ke7 23. Nc7 Rg8 24. Nxe6 Qxe6 25. Rb1 Nd8 26. Kh1 Rg4 27. Qf3 Rxh4 28. h3 f4 29. exf4 Rxf4 30. Qxf4 exf4 31. Rfe1 Qxe1+ 32. Rxe1+ Kd7 33. a4 b6 34. Bd5 Nxd5 35. cxd5 Nf7 36. Re6 Ne5 37. Rxh6 Nxd3 38. Rh7+ Kd8 39. Rh8+ Kd7 40. Rh7+ Kd8 41. Rb7 f3 42. Rxb6 Nxf2+ 43. Kg1 Nxh3+ 44. Kf1 Nf4 45. a5 Kc7 46. Rc6+ Kb7 47. Rxd6 c4 48. Kf2 c3 49. Rc6 Nxd5 50. Rc4 Ka6 51. Kxf3 Kb5 52. Rc8 Kxa5 53. Rc5+ Kb4 54. Rxc3 Kxc3 1/2-1/2


[Site "https://www.chess.com"]

[Event "Titled Tuesday Blitz May 4 2021"]
[White "Araujo Filho, Luiz Antonio Coel"]
[Black "Matthiesen, Martin"]
[WhiteFideId "2130661"]
[BlackFideId "1404067"]
[WhiteElo "2237"]
[BlackElo "2337"]
[Result "0-1"]
[Round "05"]
[TimeControl "180+1"]
[Date "2021.05.04"]
[WhiteClock "0:00:19"]
[BlackClock "0:01:34"]

1. d4 d5 2. Nf3 c6 3. e3 Nf6 4. Nbd2 Bf5 5. Be2 h6 6. b3 e6 7. Bb2 Bd6 8. O-O Nbd7 9. c4 O-O 10. Rc1 Qe7 11. Ne5 Ba3 12. Bxa3 Qxa3 13. Ra1 Nxe5 14. dxe5 Ne4 15. Nxe4 Bxe4 16. f3 Bh7 17. cxd5 cxd5 18. Qd2 Rfc8 19. Rac1 a5 20. Bb5 Rc5 21. Rxc5 Qxc5 22. a4 Rc8 23. Qxa5 Qxe3+ 24. Kh1 Bg6 25. Re1 Qxb3 26. Qb6 Qc3 27. Rg1 Qxe5 28. Qxb7 Qc7 29. Qxc7 Rxc7 30. a5 Rc5 0-1


[Site "https://www.chess.com"]

[Event "Titled Tuesday Blitz May 4 2021"]
[White "Arias, Juan Cruz"]
[Black "Kalajzic, Ivan"]
[WhiteFideId "118540"]
[BlackFideId "14506378"]
[WhiteElo "2083"]
[BlackElo "2163"]
[Result "1-0"]
[Round "05"]
[TimeControl "180+1"]
[Date "2021.05.04"]
[WhiteClock "0:00:29"]
[BlackClock "0:00:03"]

1. e4 Nc6 2. Nf3 d6 3. Nc3 Bg4 4. h3 Bxf3 5. Qxf3 g6 6. Bb5 Bg7 7. O-O e6 8. d3 Ne7 9. Qg3 O-O 10. a3 Nd4 11. Ba4 c6 12. Be3 b5 13. Bb3 Nxb3 14. cxb3 d5 15. Bg5 Qd7 16. b4 a5 17. bxa5 Rxa5 18. Rfe1 Rfa8 19. Rac1 c5 20. Bxe7 d4 21. Bxc5 dxc3 22. bxc3 Bf8 23. Bb4 Bxb4 24. axb4 Ra2 25. d4 Qc6 26. Red1 Re2 27. d5 exd5 28. exd5 Qf6 29. d6 Raa2 30. d7 Qd8 31. c4 Rad2 32. Qg4 bxc4 33. Qxc4 Rxf2 34. Rxd2 Rxd2 35. Qc8 Rxd7 36. Qxd8+ Rxd8 37. b5 Rb8 38. Rb1 f5 39. Kf2 Kf7 40. Ke3 Ke6 41. Kd4 g5 42. Kc5 f4 43. b6 Kf5 44. Kc6 h5 45. Kc7 Rh8 46. b7 g4 47. hxg4+ hxg4 48. Rd1 f3 49. gxf3 gxf3 50. Rd8 Rxd8 51. Kxd8 f2 52. b8=Q f1=Q 53. Qc8+ Ke4 54. Qe6+ Kd3 55. Qa6+ 1-0


[Site "https://www.chess.com"]

[Event "Titled Tuesday Blitz May 4 2021"]
[White "Ashiev, Eduard"]
[Black "Todorovic, Bojan"]
[WhiteFideId "4130090"]
[BlackFideId "917087"]
[WhiteElo "2106"]
[BlackElo "2266"]
[Result "0-1"]
[Round "05"]
[TimeControl "180+1"]
[Date "2021.05.04"]
[WhiteClock "0:00:04"]
[BlackClock "0:00:02"]

1. d4 d5 2. c4 dxc4 3. e4 Nc6 4. Nf3 Bg4 5. d5 Ne5 6. Bxc4 Bxf3 7. gxf3 Nxc4 8. Qa4+ c6 9. Qxc4 cxd5 10. exd5 Rc8 11. Qa4+ Qd7 12. Qxd7+ Kxd7 13. Nc3 Nf6 14. Be3 a6 15. Ke2 e6 16. dxe6+ Kxe6 17. Ne4 Nxe4 18. fxe4 Bc5 19. Rac1 Bxe3 20. Kxe3 Rhd8 21. f4 f6 22. f5+ Ke5 23. Rhd1 Rxd1 24. Rxd1 Rc5 25. Rd7 Rb5 26. b3 g6 27. Re7+ Kd6 28. Re6+ Kd7 29. Rxf6 gxf5 30. Rxf5 Rb6 31. Rf7+ Ke6 32. Rxh7 Rb5 33. Rh6+ Kf7 34. Kf4 a5 35. h4 Rb4 36. h5 b5 37. Kf5 a4 38. Rh7+ Kg8 39. Rb7 axb3 40. axb3 Rxb3 41. e5 Rf3+ 42. Ke6 Rh3 43. Rb8+ Kg7 44. Rb7+ Kf8 45. Rxb5 Rxh5 46. Rb8+ Kg7 47. Rb7+ Kf8 48. Kd6 Rh1 49. Rb8+ Kf7 50. Rb7+ Kf8 0-1


[Site "https://www.chess.com"]

[Event "Titled Tuesday Blitz May 4 2021"]
[White "Aslanov, Umid"]
[Black "Kalogeris, Ioannis"]
[WhiteFideId "13412620"]
[BlackFideId "4239563"]
[WhiteElo "1796"]
[BlackElo "2287"]
[Result "0-1"]
[Round "05"]
[TimeControl "180+1"]
[Date "2021.05.04"]
[WhiteClock "0:01:22"]
[BlackClock "0:01:55"]

1. e4 e5 2. Nf3 Nc6 3. Bc4 Bc5 4. c3 Nf6 5. d3 O-O 6. O-O Re8 7. Qe2 a5 8. a4 h6 9. h3 d5 10. Bb3 Be6 11. Bc2 Nh5 12. Kh1 Qf6 13. d4 dxe4 14. Qxe4 exd4 15. cxd4 Nxd4 16. Nxd4 Bxd4 17. b3 Ng3+ 0-1


[Site "https://www.chess.com"]

[Event "Titled Tuesday Blitz May 4 2021"]
[White "Astafurov, Arseniy"]
[Black "Ranindu2003"]
[WhiteFideId "24175218"]
[WhiteElo "2163"]
[BlackElo "2579"]
[Result "1-0"]
[Round "05"]
[TimeControl "180+1"]
[Date "2021.05.04"]
[WhiteClock "0:00:06"]
[BlackClock "0:00:04"]

1. c4 e6 2. Nf3 d5 3. g3 Nf6 4. Bg2 Be7 5. O-O O-O 6. d4 dxc4 7. Qc2 a6 8. a4 Nc6 9. Qxc4 Na5 10. Qc2 b6 11. Bf4 Nd5 12. Bd2 Bb7 13. Na3 Rc8 14. Rfd1 c5 15. dxc5 Bxc5 16. Qd3 Qe7 17. Ng5 g6 18. Ne4 Bxa3 19. bxa3 Nc4 20. Bh6 Rfd8 21. Qb3 Nd6 22. Qb2 e5 23. Nxd6 Rxd6 24. Rac1 Rcd8 25. h4 f6 26. Qa2 Kh8 27. Re1 e4 28. Bh3 e3 29. f3 Qe5 30. Kg2 Nc3 31. Qa1 Rc8 32. Bf4 Qc5 33. Bxd6 Qxd6 34. Rxc3 Re8 35. Rd3 Qe5 36. Qxe5 fxe5 37. Rxe3 1-0


[Site "https://www.chess.com"]